 Dungeon Crawl Stone Soup version 0.29.1-14-g9c671dbff4 (webtiles) character file.

Game seed: 15493819587164423600

47 Peloso the Trooper (level 3, 0/34 HPs)
             Began as a Minotaur Fighter on Feb 17, 2023.
             Succumbed to a gnoll's poison
             ... on level 2 of the Dungeon.
             The game lasted 00:02:02 (1305 turns).

Peloso the Trooper (Minotaur Fighter)               Turns: 1305, Time: 00:02:02

Health: 0/34       AC: 11    Str: 20    XL:     3   Next: 48%
Magic:  2/2        EV:  9    Int:  5    God:
Gold:   37         SH:  5    Dex: 11    Spells: 2/2 levels left

rFire   . . .      SeeInvis .   a - +0 long sword
rCold   . . .      Faith    .   c - +0 buckler
rNeg    . . .      Spirit   .   b - +0 scale mail
rPois   .          Reflect  .   (helmet restricted)
rElec   .          Harm     .   (no cloak)
rCorr   .          Rampage  .   (no gloves)
Will    .....                   (no boots)
Stlth   ..........              (no amulet)
HPRegen 0.11/turn               f - +4 ring of protection
MPRegen 0.08/turn               (no ring)

@: lethally poisoned (0 -> -3)
A: horns 2, retaliatory headbutt
a: no special abilities


You were on level 2 of the Dungeon.
You visited 1 branch of the dungeon, and saw 2 of its levels.

You collected 37 gold pieces.

Inventory:

Hand Weapons
 a - a +0 long sword (weapon)
 e - a +2 spear of venom
Armour
 b - a +0 scale mail (worn)
 c - a +0 buckler (worn)
Jewellery
 f - a +4 ring of protection (left hand)
Potions
 d - a potion of might


   Skills:
 + Level 4.4 Fighting
 + Level 2.9 Long Blades
 + Level 3.9 Armour
 + Level 4.4 Shields


You had 2 spell levels left.
You didn't know any spells.
Your spell library was empty.

Dungeon Overview and Level Annotations

Branches:
Dungeon (2/15)

Altars:


Innate Abilities, Weirdness & Mutations

You have a pair of horns on your head.
You reflexively headbutt those who attack you in melee.


Message History

You climb downwards.
There is a stone staircase leading up here.
The gnoll hits you with a +2 spear of venom.
You are poisoned.
You completely miss the gnoll.
You headbutt the gnoll, but do no damage.
You feel very sick. The gnoll closely misses you. You furiously retaliate!
You headbutt the gnoll.
The gnoll hits you with a +2 spear of venom.
You are more poisoned.
You hit the gnoll.
The gnoll is heavily wounded.
You feel very sick. The gnoll hits you but does no damage.
You are lethally poisoned!
You slash the gnoll!
You kill the gnoll!
You feel very sick.
You feel very sick.
Things that are here:
a +2 spear of venom; a gnoll corpse
* * * LOW HITPOINT WARNING * * *
You feel very sick.
* * * LOW HITPOINT WARNING * * *
You feel sick.
Blink to where?
Press: ? - help, Dir - move target
As you read the scroll labelled BAEBRETANU, it crumbles to dust.
It was a scroll of blinking.
* * * LOW HITPOINT WARNING * * *
You feel sick.
e - a +2 spear of venom
* * * LOW HITPOINT WARNING * * *
You feel sick.
Unknown command.
* * * LOW HITPOINT WARNING * * *
You feel sick.
* * * LOW HITPOINT WARNING * * *
You feel sick.
You die...

#.#...#.# #.#.###.#####
####.#...#.#...
#....#.....#.###########
#.####+#+#>............#
#.##......<...###...####
#.##......)...# ###.###≈
#..'..........#####...+..
####....@..†..........+..
#......)....######.#≈≈
#÷..........#....#.##≈
#...........#.##....#
#...........#.##g#####
#...........#......# #
###########.####.#.###
#.# #.#.g.. #.# #.#####


There were no monsters in sight!

Vanquished Creatures
  3 gnolls
  3 ball pythons (D:1)
  4 bats
  2 endoplasms (D:1)
  A goblin (D:1)
  4 hobgoblins (D:1)
  A kobold (D:1)
18 creatures vanquished.

Notes
Turn   | Place    | Note
-------+----------+-------------------------------------------
     0 | D:1      | Peloso the Minotaur Fighter began the quest for the Orb.
     0 | D:1      | Reached XP level 1. HP: 19/19 MP: 0/0
   182 | D:1      | Reached XP level 2. HP: 23/27 MP: 1/1
   576 | D:1      | Found a faded altar of an unknown god.
  1028 | D:1      | Reached XP level 3. HP: 9/34 MP: 2/2
  1303 | D:2      | HP: 1/34 [poisoned by a gnoll]
  1305 | D:2      | Succumbed to a gnoll's poison

Illustrated notes

Levels and vault maps discovered:
D:1:      lightli_arrival_windingriver, layout_basic, serial_aquarium,
          aquarium_bridge_square [aquarium_subvault_bridge,
          aquarium_subvault_balcony, aquarium_subvault_window,
          aquarium_subvault_wall], aquarium_window_1, aquarium_window_1,
          aquarium_view_2f, aquarium_view_2d, aquarium_pool_1,
          chequers_ecumenical_altar_simple, grunt_decor_arrowhead
D:2:      layout_basic, kennysheep_generic_room_3

Skill      XL: |  1  2 |
---------------+-------+-----
Shields        | 4 |  4.4
Fighting       | 4 |  4.4
Long Blades    | |  2.9
Armour         | |  3.9

Action                   || total
-------------------------++-------
Melee: Long sword        ||    57
       Headbutt          ||     5
  Use: Potion            ||     1
       Scroll            ||     1
Armor: Scale mail        ||    41
Dodge: Dodged            ||    27
Block: Buckler           ||    17
